 Dungeon Crawl Stone Soup version 0.21.1 (webtiles) character file.

124976 JeffiDaFish the Basher (level 16, -5/104 HPs)
             Began as a Gargoyle Fighter on Feb 4, 2018.
             Was the Champion of Okawaru.
             Slain by the 27-headed Lernaean hydra (7 damage)
             ... on level 4 of the Swamp on Feb 5, 2018.
             The game lasted 01:18:48 (27946 turns).

JeffiDaFish the Basher (Gargoyle Fighter)          Turns: 27946, Time: 01:18:49

Health: -5/104     AC: 45    Str: 23    XL:     16   Next: 94%
Magic:  2/7        EV: 18    Int:  5    God:    Okawaru [******]
Gold:   1414       SH: 18    Dex: 20    Spells: 15/15 levels left

rFire    + . .     SeeInvis +   o - +8 mace (antimagic)
rCold    . . .     Gourm    .   j - +5 shield {AC+3}
rNeg     + . .     Faith    .   d - +2 plate armour "Tiosujo" {rF+ Int-5 Dex+3 Stlth+}
rPois    ∞         Spirit   .   l - +2 hat
rElec    +         Reflect  .   p - +2 cloak {+Inv}
rCorr    .         Harm     .   v - +2 pair of gloves {Dex+3}
MR       +....                  n - +2 pair of boots
Stlth    ..........             e - amulet of regeneration
HPRegen  0.67/turn              B - +3 ring of evasion
MPRegen  0.10/turn              m - ring of see invisible

@: about to teleport, finesse, flying, studying Fire Magic
A: big wings, talons 1, agile 1, negative energy resistance 1, electricity
resistance, unbreathing, petrification resistance, rot immunity, AC +12
a: Stop Flying, Heroism, Finesse, Renounce Religion, Evoke Invisibility


You were on level 4 of the Swamp.
You worshipped Okawaru.
Okawaru was exalted by your worship.
You were not hungry.

You visited 4 branches of the dungeon, and saw 26 of its levels.
You also visited: Ice Cave.

You collected 2520 gold pieces.
You spent 1106 gold pieces at shops.

Inventory:

Hand Weapons
 o - a +8 antimagic mace (weapon)
 y - the +7 great mace "Firestarter" {inner flame, rF++}
   (You took it off a fire giant on level 10 of the Dungeon)

   It has been specially enchanted to burn those struck by it, causing extra
   injury to most foes and up to half again as much damage against particularly
   susceptible opponents.
   It greatly protects you from fire.
Armour
 d - the +2 plate armour "Tiosujo" (worn) {rF+ Int-5 Dex+3 Stlth+}
   (You bought it in a shop on level 9 of the Dungeon)

   It affects your intelligence (-5).
   It affects your dexterity (+3).
   It protects you from fire.
   It makes you more stealthy.
 j - a +5 shield of protection (worn)
 l - a +2 hat (worn)
 n - a +2 pair of boots (worn)
 p - a +2 cloak of invisibility (worn)
 v - a +2 pair of gloves of dexterity (worn)
Jewellery
 e - an amulet of regeneration (around neck)
 m - a ring of see invisible (right hand)
 A - an uncursed ring of resist corrosion
 B - a +3 ring of evasion (left hand)
 H - an uncursed ring of protection from fire
Wands
 c - a wand of flame (9)
 u - a wand of iceblast (26)
 x - a wand of clouds (15)
Scrolls
 a - 9 scrolls of remove curse
 h - 6 scrolls of fog
 k - 7 scrolls of identify
 s - 5 scrolls of teleportation
 F - 2 scrolls of fear
 G - a scroll of enchant armour
 I - 2 scrolls of brand weapon
Potions
 b - 3 potions of curing
 g - a potion of haste
 i - 2 potions of cancellation
 t - 5 potions of agility
 w - a potion of might
 z - 10 potions of flight
 C - 3 potions of ambrosia
 D - a potion of invisibility
Books
 r - a manual of Fire Magic
Comestibles
 f - 34 rations
 q - a chunk of flesh


   Skills:
 + Level 13.1 Fighting
 * Level 14.8 Maces & Flails
 + Level 13.0 Armour
 * Level 13.7 Dodging
 + Level 11.3 Shields
 - Level 6.7 Invocations


You had 15 spell levels left.
You didn't know any spells.

Dungeon Overview and Level Annotations

Branches:
Dungeon (15/15)            Temple (1/1) D:4            Lair (6/6) D:9
  Swamp (4/4) Lair:4       Spider (0/4) Lair:3        Slime (0/5) Lair:6
    Orc (0/2) D:9          Vaults (0/5) D:13         Depths (0/5) D:15

Altars:
Ashenzari
Dithmenos
Elyvilon
Hepliaklqana
Makhleb
Nemelex Xobeh
Okawaru
Qazlal
Ru
Trog
Uskayaw
Vehumet
Xom
Yredelemnul
Zin
The Shining One
Beogh
Lugonu

Shops:
D:4 *   D:9 [   D:12 (   D:15 ?%[(

Portals:
Hell: Lair:6
Trove: D:15 (give 13 scrolls of teleportation)

Annotations:
Swamp:4 Lernaean hydra


Innate Abilities, Weirdness & Mutations

You are resistant to torment.
Your stone body is resilient. (AC +12)
You are immune to poison.
Your large and strong wings let you fly indefinitely.
You resist negative energy. (rN+)
You are resistant to electric shocks. (rElec)
You can survive without breathing.
You are immune to petrification.
You are immune to rotting.
You have sharp toenails.
You are agile. (Dex +2)


Message History

The eight-headed hydra barely misses you.
The eight-headed hydra bites you but does no damage.
The 27-headed Lernaean hydra misses you.
The 27-headed Lernaean hydra bites you but does no damage. x2
You block the 27-headed Lernaean hydra's attack.
The 27-headed Lernaean hydra bites you but does no damage.
You block the 27-headed Lernaean hydra's attack.
The 27-headed Lernaean hydra bites you but does no damage. x2
The 27-headed Lernaean hydra closely misses you.
The 27-headed Lernaean hydra bites you but does no damage.
The 27-headed Lernaean hydra misses you.
The 27-headed Lernaean hydra bites you!
* * * LOW HITPOINT WARNING * * *
The 27-headed Lernaean hydra bites you but does no damage. x3
The 27-headed Lernaean hydra closely misses you.
The 27-headed Lernaean hydra bites you but does no damage. x3
The 27-headed Lernaean hydra completely misses you.
The 27-headed Lernaean hydra bites you but does no damage. x2
The 27-headed Lernaean hydra bites you!
You die...

♣♣≈..♣♣♣♣.≈≈≈♣ ♣).♣♣♣ ≈.≈.≈
♣≈.§≈...≈♣♣♣♣♣♣♣≈≈♣♣. ≈≈≈.≈ ♣
♣..≈≈≈≈≈≈§♣♣ ♣♣[♣♣♣. ##≈§≈v≈
♣♣♣♣.≈≈≈≈≈≈§.♣♣♣.≈♣♣.######≈≈≈≈≈≈
.≈♣≈≈≈≈≈≈≈≈..≈.≈.≈≈♣...##≈#≈D≈≈.§
≈§≈.≈≈≈≈≈≈...≈≈.....≈.≈..[[D....≈
≈≈≈.≈≈≈.≈≈≈.≈≈≈≈≈.......#D≈†≈≈≈#≈
..?≈≈≈≈≈≈≈≈≈≈≈≈≈≈).♣≈.#####≈≈≈.≈≈
♣♣≈≈≈≈.≈.≈.≈≈≈≈D@D≈≈≈≈.≈# ###≈≈##
♣♣.§≈≈≈≈≈....≈≈≈..≈≈≈♣♣♣.≈≈ ###
♣♣♣..!..≈♣♣..≈≈.....♣≈♣ ♣♣ ♣
♣♣♣♣♣♣.≈♣♣.....#.♣♣♣≈♣ ♣♣ ♣♣♣♣
♣♣...♣♣♣.♣.....♣ ♣♣ ♣≈
♣♣≈♣♣♣.≈≈≈..♣♣♣D..≈.#♣ ♣≈
♣♣♣≈≈.≈≈≈≈≈.§♣.≈.≈§..♣♣ ♣.
♣♣♣♣.≈≈≈≈≈≈.♣.≈.≈♣♣♣♣≈♣ ♣♣.
.≈.♣.≈§.≈≈≈..≈†♣♣♣♣♣♣♣♣ ♣.≈


You could see the 27-headed Lernaean hydra, an eight-headed hydra and a
four-headed hydra.

Vanquished Creatures
  Nikola (Swamp:2)
  A thorn hunter (Swamp:2)
  A fire giant (D:10)
  Nessos (Lair:6)
  A dire elephant (Lair:6)
  2 blizzard demons (IceCv)
  A hell beast (Lair:6)
  2 ice dragons (D:15)
  21 hydras
  3 ghost crabs
  3 centaur warriors
  2 ogre magi
  9 two-headed ogres
  Erica (D:10)
  8 alligators
  Nergalle (D:10)
  2 spriggan druids
  8 swamp dragons
  3 wizards
  An unseen horror (D:9)
  5 shambling mangroves
  Pikel (D:5)
  4 deep elf magi
  8 ugly things
  2 cyclopes
  2 manticores
  8 black mambas
  Maurice (D:12)
  A torpor snail (Lair:4)
  3 ice statues
  19 spiny frogs
  A smoke demon (Lair:6)
  2 centaur skeletons
  7 komodo dragons
  A kobold demonologist (D:13)
  3 orange demons (Lair:6)
  6 rime drakes
  13 ice devils (IceCv)
  3 anaconda simulacra (IceCv)
  A merfolk (D:9)
  2 jumping spiders (Lair:3)
  A red devil (Lair:6)
  4 trolls
  19 hornets
  A polar bear (Lair:6)
  A queen bee (Lair:3)
  15 blink frogs
  8 bog bodies
  5 tyrant leeches
  Prince Ribbit (D:5)
  Grinder (D:6)
  6 hippogriffs
  A meliai zombie (D:14)
  3 slime creatures (D:13)
  Sigmund (D:3)
  5 spriggans
  3 shadows
  7 redbacks (Lair:3)
  4 wyverns
  Eustachio (D:5)
  A wraith (D:14)
  7 fire bats (D:10)
  23 yaks
  2 dire elephant simulacra (IceCv)
  4 basilisks
  A steam dragon (Lair:3)
  4 hungry ghosts
  31 vampire mosquitoes
  2 iron troll simulacra (IceCv)
  16 swamp worms
  14 insubstantial wisps
  2 hydra simulacra (IceCv)
  A harpy simulacrum (IceCv)
  23 water moccasins
  11 porcupines
  8 swamp drakes
  4 hell hounds (Lair:6)
  2 sky beasts
  4 ice beasts
  5 orc warriors
  3 black bears
  An eye of draining (D:14)
  2 phantoms
  8 ogres
  21 centaurs
  2 necrophages
  8 wolves
  20 crocodiles
  3 big kobolds
  20 bullfrogs
  A gnoll sergeant (D:9)
  A wyvern skeleton (D:12)
  3 scorpions
  27 killer bees
  7 wights (D:13)
  3 howler monkeys
  8 crimson imps
  3 bullfrog zombies
  3 centaur zombies
  7 hounds
  2 quasits
  5 jellies
  11 orc priests
  4 bullfrog skeletons
  13 orc wizards
  6 iguanas
  2 worker ants
  2 hell rats (Lair:6)
  4 hound skeletons
  2 worker ant zombies
  3 gnolls (D:9)
  6 river rats (Lair:6)
  19 adders
  2 shadow imps (D:8)
  An ooze (D:3)
  3 adder skeletons
  3 worms
  A dart slug (D:2)
  2 leopard geckos
  37 orcs
  10 bats
  3 giant cockroaches
  7 goblins
  12 hobgoblins
  11 jackals
  4 quokkas
  6 frilled lizards
  23 kobolds
  2 leopard gecko skeletons
  A leopard gecko zombie (D:5)
  A quokka skeleton (D:5)
  8 rats
  A plant (Lair:5)
785 creatures vanquished.

Vanquished Creatures (others)
  An alligator (Swamp:3)
  A swamp dragon (Swamp:4)
  The ghost of louisi3 the Covert, a novice KoAM of Ashenzari (D:5)
  A tyrant leech (Swamp:3)
  3 swamp drakes
  2 ogres
  A howler monkey (D:5)
  A giant cockroach (D:5)
  5 fungi
  6 plants
22 creatures vanquished.

Grand Total: 807 creatures vanquished

Notes
Turn   | Place    | Note
-------+----------+-------------------------------------------
     0 | D:1      | JeffiDaFish the Gargoyle Fighter began the quest for the Orb.
     0 | D:1      | Reached XP level 1. HP: 14/14 MP: 1/1
   113 | D:1      | Reached XP level 2. HP: 18/19 MP: 2/2
   592 | D:1      | Reached XP level 3. HP: 20/23 MP: 3/3
  1248 | D:2      | Found a hazy altar of Hepliaklqana.
  1250 | D:2      | Found a shimmering altar of Xom.
  1250 | D:2      | Noticed an earth elemental
  1253 | D:2      | Noticed a spectral ugly thing
  1253 | D:2      | Noticed an earth elemental
  1526 | D:2      | Found a white marble altar of Elyvilon.
  1596 | D:3      | Found a stormy altar of Qazlal.
  1639 | D:3      | Reached XP level 4. HP: 17/29 MP: 4/4
  1651 | D:3      | Reached skill level 1 in Dodging
  1866 | D:3      | Noticed a water moccasin
  1891 | D:3      | Killed a water moccasin
  1891 | D:3      | Reached skill level 3 in Maces & Flails
  1891 | D:3      | Reached XP level 5. HP: 30/33 MP: 5/5
  1939 | D:3      | Found a basalt altar of Yredelemnul.
  1978 | D:3      | Found a shattered altar of Ashenzari.
  1979 | D:3      | Noticed Sigmund
  1994 | D:3      | Killed Sigmund
  1994 | D:3      | Reached XP level 6. HP: 37/39 MP: 6/6
  2239 | D:3      | Found a hide-covered altar of Uskayaw.
  2249 | D:3      | Found a bloodstained altar of Trog.
  2498 | D:4      | Reached XP level 7. HP: 43/44 MP: 2/7
  2609 | D:4      | Reached skill level 5 in Fighting
  2927 | D:4      | Found Ydaph's Assorted Antiques.
  3168 | D:4      | Found a staircase to the Ecumenical Temple.
  3176 | Temple   | Entered the Ecumenical Temple
  3191 | Temple   | Became a worshipper of Warmaster Okawaru
  3246 | D:5      | Entered Level 5 of the Dungeon
  3253 | D:5      | Noticed Prince Ribbit
  3285 | D:5      | Killed Prince Ribbit
  3285 | D:5      | Reached * piety under Okawaru
  3285 | D:5      | Reached skill level 4 in Maces & Flails
  3285 | D:5      | Reached skill level 5 in Armour
  3285 | D:5      | Reached skill level 5 in Shields
  3285 | D:5      | Reached XP level 8. HP: 30/49 MP: 2/8
  3292 | D:5      | Noticed louisi3's ghost (novice KoAM)
  3478 | D:5      | Noticed Pikel
  3488 | D:5      | Paralysed by Pikel for 7 turns
  3503 | D:5      | Paralysed by Pikel for 3 turns
  3512 | D:5      | Killed Pikel
  3630 | D:5      | Reached skill level 5 in Dodging
  3733 | D:5      | Reached XP level 9. HP: 55/55 MP: 3/9
  3740 | D:5      | Reached skill level 5 in Maces & Flails
  3772 | D:5      | Killed louisi3's ghost
  3887 | D:5      | Noticed Eustachio
  3904 | D:5      | Killed Eustachio
  4371 | D:6      | Noticed Grinder
  4374 | D:6      | Paralysed by Grinder for 5 turns
  4401 | D:6      | Paralysed by Grinder for 7 turns
  4409 | D:6      | Killed Grinder
  4409 | D:6      | Reached ** piety under Okawaru
  4913 | D:6      | Found a burning altar of Makhleb.
  5210 | D:6      | Reached XP level 10. HP: 63/63 MP: 3/10
  5315 | D:7      | Reached skill level 6 in Maces & Flails
  5414 | D:7      | Reached *** piety under Okawaru
  6543 | D:8      | Reached **** piety under Okawaru
  7363 | D:8      | Found a sacrificial altar of Ru.
  7640 | D:9      | Noticed an unseen horror
  7661 | D:9      | Killed an unseen horror
  7694 | D:9      | Found a shadowy altar of Dithmenos.
  7720 | D:9      | Reached XP level 11. HP: 20/68 MP: 3/11
  7965 | D:8      | Reached skill level 7 in Maces & Flails
  8143 | D:9      | Found a radiant altar of Vehumet.
  8345 | D:9      | Found a staircase to the Lair.
  8451 | D:9      | Noticed a manticore
  8474 | D:9      | Killed a manticore
  8717 | D:9      | Found Vycidoalio's Antique Armour Shop.
  8723 | D:9      | Bought a shiny shield for 180 gold pieces
  8859 | D:9      | Found a staircase to the Orcish Mines.
  8927 | D:9      | Found a roughly hewn altar of Beogh.
  8946 | D:9      | Reached ***** piety under Okawaru
  9008 | Lair:1   | Entered Level 1 of the Lair of Beasts
  9008 | Lair:1   | Noticed a five-headed hydra
  9112 | Lair:1   | Killed a five-headed hydra
  9112 | Lair:1   | Reached skill level 1 in Invocations
  9359 | Lair:1   | Gained mutation: You have sharp toenails. [potion of mutation]
  9359 | Lair:1   | Gained mutation: You are agile. (Dex +2) [potion of mutation]
  9786 | Lair:1   | Reached skill level 8 in Maces & Flails
 10703 | Lair:2   | Noticed a six-headed hydra
 10714 | Lair:2   | Killed a six-headed hydra
 10714 | Lair:2   | Reached XP level 12. HP: 54/76 MP: 4/14
 11595 | Lair:3   | Reached skill level 9 in Maces & Flails
 12192 | Lair:3   | Found a hole to the Spider Nest.
 12864 | Lair:4   | Found the +3 robe of Folly {Archmagi, MR-- Int+5}
 12885 | Lair:4   | Received a gift from Okawaru
 12890 | Lair:4   | Identified the +1 ring mail of the Dropbear {rC++} (Okawaru gifted it to you on level 4 of the Lair of Beasts)
 13004 | Lair:4   | Noticed a five-headed hydra
 13023 | Lair:4   | Killed a five-headed hydra
 13023 | Lair:4   | Reached ****** piety under Okawaru
 13358 | Lair:4   | Reached XP level 13. HP: 64/82 MP: 5/16
 13376 | Lair:4   | Reached skill level 10 in Maces & Flails
 13376 | Lair:4   | Reached skill level 10 in Dodging
 13694 | Lair:4   | Found a staircase to the Swamp.
 13959 | Lair:4   | Reached skill level 10 in Fighting
 14081 | Lair:5   | Reached skill level 5 in Invocations
 14140 | Lair:5   | Reached skill level 10 in Shields
 14271 | Lair:5   | Reached skill level 10 in Armour
 14483 | Lair:5   | Received a gift from Okawaru
 14525 | Lair:5   | Found the +8 whip "Snakebite" {curare, rPois}
 15038 | Lair:6   | Entered Level 6 of the Lair of Beasts
 15410 | Lair:6   | Noticed Nessos
 15454 | Lair:6   | Killed Nessos
 15658 | Lair:6   | Reached skill level 11 in Maces & Flails
 15778 | Lair:6   | Found a staircase to the Slime Pits.
 15941 | D:9      | Bought a smoking plate armour for 672 gold pieces
 15951 | D:9      | Identified the +2 plate armour "Tiosujo" {rF+ Int-5 Dex+3 Stlth+} (You bought it in a shop on level 9 of the Dungeon)
 16314 | Lair:6   | Noticed a dire elephant
 16349 | Lair:6   | Killed a dire elephant
 16349 | Lair:6   | Gained mutation: Your large and strong wings let you fly indefinitely. [Gargoyle growth]
 16349 | Lair:6   | Reached XP level 14. HP: 72/88 MP: 0/18
 16485 | Lair:6   | Found a burning altar of Makhleb.
 16537 | Lair:6   | Received a gift from Okawaru
 16732 | Lair:6   | Found a gateway to Hell.
 17026 | D:10     | Entered Level 10 of the Dungeon
 17083 | D:10     | Noticed a fire giant
 17112 | D:10     | Killed a fire giant
 17431 | D:10     | Noticed Nergalle
 17461 | D:10     | Killed Nergalle
 17609 | D:10     | Found an iron altar of Okawaru.
 17726 | D:10     | Noticed Erica
 17744 | D:10     | Killed Erica
 17744 | D:10     | Received a gift from Okawaru
 18118 | D:11     | Received a gift from Okawaru
 18777 | D:12     | Found Woicid's Antique Weapon Shoppe.
 18840 | D:12     | Reached skill level 12 in Maces & Flails
 18896 | D:12     | Noticed Maurice
 18927 | D:12     | Killed Maurice
 19410 | D:12     | Found a portal to a secret trove of treasure.
 19483 | D:13     | Found a white marble altar of Elyvilon.
 19582 | D:13     | Found a gate to the Vaults.
 19743 | D:13     | Reached XP level 15. HP: 95/95 MP: 6/20
 19844 | D:13     | Received a gift from Okawaru
 20803 | D:14     | Found a glowing golden altar of the Shining One.
 21005 | D:14     | Found a sacrificial altar of Ru.
 21083 | D:14     | Identified the +10 mace of Revvehah {venom, *Drain MR++ MP+9 Stlth+} (You found it on level 14 of the Dungeon)
 21342 | D:15     | Entered Level 15 of the Dungeon
 21418 | D:15     | Reached skill level 13 in Maces & Flails
 21488 | D:15     | Found Elyrch's Food Emporium.
 21720 | D:15     | Found Xaco's Magic Scroll Shoppe.
 21724 | D:15     | Bought a scroll of enchant armour for 127 gold pieces
 21724 | D:15     | Bought a scroll of enchant armour for 127 gold pieces
 21762 | D:15     | Found Gaelily's Antique Armour Boutique.
 22157 | D:15     | Found a staircase to the Depths.
 22219 | D:15     | Found a portal to a secret trove of treasure.
 22326 | D:15     | Found Joqok's Antique Weapon Emporium.
 22630 | Swamp:1  | Entered Level 1 of the Swamp
 22775 | Swamp:1  | Received a gift from Okawaru
 23498 | Swamp:2  | Noticed Nikola
 23530 | Swamp:2  | Killed Nikola
 23531 | Swamp:2  | Noticed a thorn hunter
 23599 | Swamp:2  | Killed a thorn hunter
 23910 | Swamp:2  | Found a frozen archway.
 24007 | IceCv    | Entered an ice cave
 24063 | IceCv    | Received a gift from Okawaru
 24063 | IceCv    | Reached XP level 16. HP: 92/103 MP: 7/21
 24644 | IceCv    | Reached skill level 14 in Maces & Flails
 24852 | IceCv    | Identified the cursed +0 eveningstar "Hianaok" {freeze, +Inv MP+9 Dex+2 Stlth-} (You found it in an ice cave)
 25703 | Swamp:3  | Received a gift from Okawaru
 26746 | Swamp:4  | Entered Level 4 of the Swamp
 27572 | Swamp:4  | Noticed the 27-headed Lernaean hydra
 27596 | Swamp:4  | HP: 2/104 [the 27-headed Lernaean hydra (6)]
 27946 | Swamp:4  | HP: 2/104 [the 27-headed Lernaean hydra (13)]
 27946 | Swamp:4  | Slain by the 27-headed Lernaean hydra

Skill      XL: |  1  2  3  4  5  6  7  8  9 10 11 12 13 14 15 16 |
---------------+-------------------------------------------------+-----
Dodging        | 1 2 3 5 6 7 9 10 11 12 13 | 13.7
Fighting       | 4 5 6 7 8 9 10 11 12 13 | 13.1
Maces & Flails | 3 4 5 6 8 9 11 12 13 14 | 14.8
Armour         | 4 5 6 8 9 10 11 12 13 | 13.0
Shields        | 4 5 7 8 9 10 11 | 11.3
Invocations    | 2 4 6 |  6.7

Action                   |  1- 3 |  4- 6 |  7- 9 | 10-12 | 13-15 | 16-18 || total
-------------------------+-------+-------+-------+-------+-------+-------++-------
Melee: Flail             |   174 |   143 |       |       |       |       ||   317
       Mace              |       |    25 |   309 |  1193 |  2190 |  1023 ||  4740
       Whip              |       |       |       |       |    54 |       ||    54
Invok: Heroism           |       |       |       |     2 |       |     1 ||     3
       Finesse           |       |       |       |       |     4 |     7 ||    11
 Abil: Fly               |       |       |       |       |     1 |       ||     1
Evoke: Wand              |       |       |       |       |    12 |       ||    12
  Use: Scroll            |     5 |     1 |     2 |    13 |    16 |    10 ||    47
       Potion            |     3 |     1 |     3 |     8 |     8 |     5 ||    28
 Stab: Invisible         |       |       |       |     1 |       |       ||     1
       Confused          |       |       |       |       |       |     1 ||     1
  Eat: Chunk             |     2 |     4 |     9 |    19 |    43 |    10 ||    87
       Ration            |       |       |       |     3 |       |     1 ||     4
Armor: Scale mail        |   146 |   122 |   136 |    52 |       |       ||   456
       Chain mail        |       |       |       |   666 |    72 |       ||   738
       Plate armour      |       |       |       |       |  1002 |   604 ||  1606
Dodge: Dodged            |    79 |    74 |   109 |   567 |   995 |   630 ||  2454
Block: Shield            |   125 |    88 |   160 |   913 |  1683 |   844 ||  3813
       Reflection        |       |       |       |       |     1 |       ||     1
